 Dungeon Crawl Stone Soup version 0.31.0-32-g396128a36d (webtiles) character file.

Game seed: 16004912981915271587

1169 PaiMei the Grave Robber (level 8, -6/61 HPs)
             Began as a Demonspawn Necromancer on Apr 3, 2024.
             Mangled by an iguana (10 damage)
             ... on level 5 of the Dungeon.
             The game lasted 00:08:53 (6321 turns).

PaiMei the Grave Robber (Demonspawn Necromancer)    Turns: 6321, Time: 00:08:54

Health: -6/61      AC:  4    Str:  9    XL:     8   Next: 17%
Magic:  5/15       EV: 13    Int: 18    God:
Gold:   341        SH:  0    Dex: 13    Spells: 12/16 levels left

rFire   . . .        u - +2 hand axe (venom)
rCold   . . .        (no shield)
rNeg    . . .        a - +0 robe
rPois   .            z - +0 helmet
rElec   .            B - +0 cloak
rCorr   .            (no gloves)
SInv    +            (no boots)
Will    .....        (no amulet)
Stlth   ++           d - ring of see invisible
HPRegen 0.30/turn    (no ring)
MPRegen 0.14/turn

%: no passive effects
@: studying Maces & Flails
A: ignite blood 2, weakness stinger 2
a: no special abilities


You were on level 5 of the Dungeon.
You visited 1 branch of the dungeon, and saw 6 of its levels.

You collected 341 gold pieces.

Inventory:

Hand Weapons
 g - a +0 mace
 t - a +1 war axe of venom
 u - a +2 hand axe of venom (weapon)
 y - a +1 vampiric rapier
Missiles
 o - 10 poisoned darts (quivered)
Armour
 a - a +0 robe (worn)
 f - a +2 hat
 z - a +0 helmet (worn)
 B - a +0 cloak (worn)
Jewellery
 d - a ring of see invisible (left hand)
 p - an amulet of regeneration
 w - an amulet of guardian spirit
Wands
 q - a wand of flame (66)
 v - a wand of roots (6)
 D - a wand of paralysis (5)
Scrolls
 c - a scroll of enchant armour {unknown}
 e - 10 scrolls of identify {unknown}
 h - 2 scrolls of noise {unknown}
 j - a scroll of silence {unknown}
 k - a scroll of teleportation {unknown}
 l - a scroll of fear {unknown}
Potions
 b - a potion of magic
 i - a potion of might {unknown}
 m - a potion of cancellation {unknown}
 n - a potion of ambrosia {unknown}
 r - 2 potions of heal wounds {unknown}
 s - a potion of lignification {unknown}
 x - a potion of curing {unknown}
 A - a potion of invisibility {unknown}
 C - a potion of brilliance {unknown}
 E - a potion of resistance {unknown}


   Skills:
 + Level 4.4 Fighting
 + Level 4.8 Dodging
 - Level 2.0 Stealth
 + Level 4.8 Spellcasting
 + Level 6.9 Necromancy


You had 12 spell levels left.
You knew the following spells:

 Your Spells              Type           Power      Damage    Failure   Level
a - Necrotise             Necr           100%       1d9       1%          1
b - Vampiric Draining     Necr           29%        2d8       2%          3

Your spell library contained the following spells:

 Spells                   Type           Power      Damage    Failure   Level
 Animate Dead             Necr           29%        N/A       8%          4
 Curse of Agony           Necr           29%        N/A       22%         5


Dungeon Overview and Level Annotations

Branches:
Dungeon (6/15)             Temple (0/1) D:6

Altars:
Dithmenos
Gozag
Makhleb
Nemelex Xobeh
Okawaru
Uskayaw
Vehumet
Yredelemnul

Shops:
D:1 ?   D:6 ?

Annotations:
D:5 3 runed translucent doors, middlethird's ghost, amateur VSIE


Innate Abilities, Weirdness & Mutations

Your demonic aura often causes spilled blood to erupt in flames.
You have a tail ending in a sharp stinger.


Message History

The phantom hits you but does no damage.
You hit the phantom.
The phantom is almost destroyed.
The phantom hits you.
* * * LOW HITPOINT WARNING * * *
The phantom blinks!
You blink.
An iguana comes into view.
The phantom hits you.
* * * LOW HITPOINT WARNING * * *
The iguana hisses angrily.
You see here a scroll labelled WUICET SANAUK.
You see here a +0 club.
There is a stone staircase leading up here.
The ufetubus slips past you! The ufetubus barely misses you.
The ufetubus closely misses you. The ufetubus misses you.
The ufetubus hits you.
* * * LOW HITPOINT WARNING * * *
There is a stone staircase leading up here.
The ufetubus hits you.
* * * LOW HITPOINT WARNING * * *
The ufetubus barely misses you. The ufetubus closely misses you.
The ufetubus hits you but does no damage.
The iguana bites you.
* * * LOW HITPOINT WARNING * * *
The ufetubus closely misses you. The ufetubus barely misses you.
You climb upwards.
Level annotation: 3 runed translucent doors, middlethird's ghost, amateur VSIE
There is a stone staircase leading down here.
Casting: Vampiric Draining (dangerous; 2% risk of failure)
Confirm with . or Enter, or press ? or * to list all spells.
Aiming: Vampiric Draining (dangerous; 2% risk of failure)
Press: ? - help, Shift-Dir - straight line, f - iguana
Aim: an iguana You draw life force from the iguana!
You feel life coursing into your body. The ufetubus closely misses you.
The ufetubus hits you.
* * * LOW HITPOINT WARNING * * *
The ufetubus hits you.
* * * LOW HITPOINT WARNING * * *
The ufetubus closely misses you. The iguana bites you!
You die...

#..###....###.###.###
....#.....#...###...#
##..#..............##
##.................####
##....##...........#..#
##z...##.........#....#
.....##..........#....##
...#####.......5.......#
.....#..........@5....###
.###.............l.#.....
.#...#...........##.......
.....##.........##.......#
>..##........#....#...####
.......#..........#####
#...####.##...#.###
#...####.####.#.#
......##.####..##


You could see an iguana and 2 ufetubi.

Vanquished Creatures
  Eustachio (D:3)
  2 water moccasins (D:4)
  An ogre (D:5)
  2 bullfrogs
  4 scorpions
  A hound (D:6)
  A bombardier beetle (D:4)
  Ijyb (D:4)
  An iguana (D:5)
  4 orc wizards
  Robin (D:4)
  A gnoll (D:6)
  2 adders (D:2)
  A shadow imp (D:5)
  A white imp (D:5)
  3 dart slugs
  2 ribbon worms
  14 orcs
  5 bats
  5 endoplasms
  2 giant cockroaches
  13 goblins
  6 hobgoblins
  A quokka (D:4)
  9 ball pythons
  3 frilled lizards
  9 kobolds
  4 rats
100 creatures vanquished.

Vanquished Creatures (collateral kills)
  A quokka (D:1)
  A bat (D:3)
2 creatures vanquished.

Grand Total: 102 creatures vanquished

Notes
Turn   | Place    | Note
-------+----------+-------------------------------------------
     0 | D:1      | PaiMei the Demonspawn Necromancer began the quest for the
                  | Orb.
     0 | D:1      | Reached XP level 1. HP: 13/13 MP: 3/3
   259 | D:1      | Found Ythiathro's Magic Scroll Boutique.
   357 | D:1      | Gained mutation: Your demonic aura sometimes causes spilled
                  | blood to erupt in flames. [demonic ancestry]
   357 | D:1      | Reached XP level 2. HP: 19/19 MP: 1/5
  1114 | D:2      | Found an opulent altar of Gozag.
  1307 | D:2      | Gained mutation: You have a small tail. [demonic ancestry]
  1307 | D:2      | Reached XP level 3. HP: 23/25 MP: 0/6
  1311 | D:2      | Learned a level 3 spell: Vampiric Draining
  1831 | D:2      | Reached skill level 1 in Fighting
  2473 | D:3      | Reached XP level 4. HP: 18/32 MP: 3/8
  2539 | D:3      | Reached skill level 5 in Necromancy
  2662 | D:3      | Found an iron altar of Okawaru.
  2662 | D:3      | Found a basalt altar of Yredelemnul.
  2663 | D:3      | Found a burning altar of Makhleb.
  2664 | D:3      | Found a radiant altar of Vehumet.
  2664 | D:3      | Found a shadowy altar of Dithmenos.
  2665 | D:3      | Found a sparkling altar of Nemelex Xobeh.
  2665 | D:3      | Found an opulent altar of Gozag.
  3252 | D:4      | Noticed Eustachio
  3252 | D:4      | Found a hide-covered altar of Uskayaw.
  3711 | D:4      | Noticed a water moccasin
  3732 | D:4      | Killed a water moccasin
  3733 | D:4      | Gained mutation: Your demonic aura often causes spilled
                  | blood to erupt in flames. [demonic ancestry]
  3733 | D:4      | Reached XP level 5. HP: 17/39 MP: 0/9
  3957 | D:4      | Reached XP level 6. HP: 46/46 MP: 6/10
  4278 | D:4      | Noticed Ijyb
  4285 | D:4      | Killed Ijyb
  4551 | D:4      | Noticed a water moccasin
  4556 | D:4      | Killed a water moccasin
  4662 | D:4      | Noticed Robin
  4739 | D:3      | Killed Eustachio
  4740 | D:3      | Reached skill level 6 in Necromancy
  4740 | D:3      | Reached XP level 7. HP: 40/52 MP: 0/13
  4845 | D:4      | Killed Robin
  5310 | D:5      | Entered Level 5 of the Dungeon
  5827 | D:5      | Gained mutation: You have a tail ending in a sharp stinger.
                  | [demonic ancestry]
  5827 | D:5      | Reached XP level 8. HP: 60/60 MP: 2/14
  5926 | D:5      | Found a runed translucent gate.
  5926 | D:5      | Found a runed translucent gate.
  5926 | D:5      | Found a runed translucent gate.
  5927 | D:5      | Noticed middlethird's ghost (amateur VSIE)
  6267 | D:6      | Found Awneaquz's Magic Scroll Shoppe.
  6271 | D:6      | Found a staircase to the Ecumenical Temple.
  6319 | D:6      | HP: 2/61 [iguana (6)]
  6321 | D:5      | Mangled by an iguana

Illustrated notes

Levels and vault maps discovered:
D:1:      wander_arrival_chamber, layout_basic, serial_shops, shop
D:2:      layout_loops_corners, basic_altar
D:3:      layout_basic, grunt_temple_overflow_open,
          chequers_serial_rivers_micro_b
D:4:      layout_basic, nicolae_tso_swordbearing_angel,
          eat_drink_and_be_merry_uskayaw, minmay_manual_macuahuitl, uniq_ijyb,
          uniq_eustachio, uniq_robin
D:5:      layout_cave_pools, gammafunk_ghost_nasty_kobolds
D:6:      layout_rooms, minmay_temple_entry_butterflies, serial_shops, shop,
          biasface_ghost_orc_armoury, uniq_duvessa

Skill      XL: |  1  2  3  4  5  6  7 |
---------------+----------------------+-----
Stealth        | 2 |  2.0
Dodging        | 2 3 4 |  4.8
Fighting       | 1 2 3 4 |  4.4
Necromancy     | 5 6 |  6.9
Spellcasting   | 3 4 |  4.8

Action                     |  1- 3 |  4- 6 |  7- 9 || total
---------------------------+-------+-------+-------++-------
  Melee: Unarmed           |     7 |       |       ||     7
         Mace              |    22 |     1 |       ||    23
         War axe           |       |    11 |       ||    11
         Tailslap          |       |     9 |     5 ||    14
         Hand axe          |       |    27 |    54 ||    81
   Cast: Necrotise         |    77 |    62 |    31 ||   170
         Vampiric Draining |       |    13 |    25 ||    38
   Stab: Sleeping          |       |     1 |     1 ||     2
 Armour: Robe              |    37 |    56 |    70 ||   163
  Dodge: Dodged            |    37 |    49 |    72 ||   158
